 Dungeon Crawl Stone Soup version 0.20.1-1-g8b1a95d (webtiles) character file.

1132 froobite the Chopper (level 8, -6/71 HPs)
             Began as a Minotaur Berserker on Aug 8, 2017.
             Was an Elder of Trog.
             Mangled by a hornet zombie (11 damage)
             ... on level 7 of the Dungeon.
             The game lasted 00:16:20 (4745 turns).

froobite the Chopper (Minotaur Berserker)           Turns: 4745, Time: 00:16:20

Health: -6/71      AC: 11    Str: 24    XL:     8   Next: 13%
Magic:  7/7        EV: 11    Int:  4    God:    Trog [****..]
Gold:   214        SH:  0    Dex: 10    Spells: 7/7 levels left

rFire    x . .     SeeInvis .   u - +2 short sword (vamp)
rCold    + . .     Gourm    .   (no shield)
rNeg     . . .     Faith    .   i - +2 scale mail
rPois    .         Spirit   .   (helmet restricted)
rElec    .         Reflect  .   (no cloak)
rCorr    .         Harm     .   j - +0 pair of gloves
MR       +....                  (no boots)
Stlth    ..........             (no amulet)
Regen    0.3/turn               h - ring of protection from magic
MPRegen  0.1/turn               k - ring of ice

@: berserk cooldown, slowed, very slow
A: retaliatory headbutt, horns 2
a: Berserk, Trog's Hand, Brothers in Arms, Burn Spellbooks, Renounce Religion


You were on level 7 of the Dungeon.
You worshipped Trog.
Trog was greatly pleased with you.
You were near starving.

You visited 1 branch of the dungeon, and saw 7 of its levels.

You collected 214 gold pieces.

Inventory:

Hand Weapons
 a - a +0 hand axe
 u - a +2 vampiric short sword (weapon)
Armour
 b - a +0 animal skin
 g - a +0 leather armour
 i - a +2 scale mail (worn)
 j - a +0 pair of gloves (worn)
Jewellery
 h - a ring of protection from magic (left hand)
 k - a ring of ice (right hand)
Scrolls
 d - 4 scrolls of identify
 l - 3 scrolls of remove curse
 r - a scroll of teleportation {unknown}
 x - a scroll of random uselessness {unknown}
 y - a scroll of recharging
Potions
 e - 3 potions of might
 m - a potion of invisibility {unknown}
 n - 3 potions of brilliance {unknown}
 o - 3 potions of degeneration {unknown}
 s - a potion of agility {unknown}
 t - a potion of curing
 v - a potion of resistance {unknown}
 w - 3 potions of mutation {unknown}
Comestibles
 c - 3 bread rations
 f - 6 meat rations
 p - 3 royal jellies
 q - 12 fruits


   Skills:
 + Level 6.4 Fighting
 + Level 3.2 Short Blades
 + Level 7.0 Axes
 + Level 6.4 Armour
 + Level 4.1 Dodging
 + Level 0.6 Stealth


You had 7 spell levels left.
You didn't know any spells.

Dungeon Overview and Level Annotations

Branches:
Dungeon (7/15)             Temple (0/1) D:6

Altars:
Elyvilon
Nemelex Xobeh
Okawaru
Vehumet
Yredelemnul
The Shining One


Innate Abilities, Weirdness & Mutations

You reflexively headbutt those who attack you in melee.
You have a pair of horns on your head.


Message History

The centaur hits you but does no damage.
The hornet zombie hits you but does no damage.
Something hits you but does no damage.
You hit something. Trog accepts your kill.
Reactivating autopickup.
You feel a bit more experienced. The centaur hits you.
* * * LOW HITPOINT WARNING * * *
The hornet zombie hits you.
* * * LOW HITPOINT WARNING * * *
The centaur barely misses you.
The hornet zombie hits you but does no damage.
The centaur hits you but does no damage.
The hornet zombie hits you but does no damage.
The centaur misses you.
You see here a sky beast corpse.
Unknown command.
The centaur hits you but does no damage.
The hornet zombie hits you!
You die...

#..# ..## .. ..>.
... ... ...# #..
.....###.#
.....#...######..
.!.....#<#.......
.......@...#
......c†Z.##
.....##().#
......).#.#
......#.#...
.....##.#....#
..... .#######
...# . ### #.


You could see a centaur and a hornet zombie.

Vanquished Creatures
  Edmund (D:6)
  A phantom (D:4)
  A sky beast (D:7)
  An ogre (D:4)
  A centaur (D:5)
  A bullfrog (D:6)
  A scorpion (D:4)
  A howler monkey (D:6)
  A crimson imp (D:6)
  2 jellies
  An orc priest (D:5)
  2 orc wizards
  A bullfrog skeleton (D:5)
  Terence (D:2)
  4 worker ants
  Robin (D:2)
  4 gnolls (D:3)
  4 adders
  2 worms (D:2)
  3 dart slugs
  4 leopard geckos
  11 orcs
  2 ball pythons
  7 bats
  9 giant cockroaches
  10 goblins
  13 hobgoblins
  14 kobolds
  2 quokkas
  A frilled lizard (D:1)
  A leopard gecko skeleton (D:4)
  8 rats
116 creatures vanquished.

Vanquished Creatures (others)
  A kobold (D:2)
1 creature vanquished.

Grand Total: 117 creatures vanquished

Notes
Turn   | Place    | Note
-------+----------+-------------------------------------------
     0 | D:1      | froobite the Minotaur Berserker began the quest for the Orb.
     0 | D:1      | Reached XP level 1. HP: 19/19 MP: 0/0
    88 | D:1      | Reached XP level 2. HP: 24/27 MP: 1/1
   152 | D:1      | Reached skill level 4 in Axes
   284 | D:1      | Reached XP level 3. HP: 30/33 MP: 2/2
   289 | D:1      | Reached ** piety under Trog
   622 | D:2      | Noticed Terence
   632 | D:2      | Killed Terence
   636 | D:2      | Found a radiant altar of Vehumet.
   685 | D:2      | Reached XP level 4. HP: 18/41 MP: 3/3
  1028 | D:2      | Noticed Robin
  1039 | D:2      | Reached skill level 5 in Axes
  1047 | D:2      | Killed Robin
  1351 | D:3      | Reached XP level 5. HP: 39/47 MP: 4/4
  1441 | D:3      | Reached *** piety under Trog
  1441 | D:3      | Reached skill level 5 in Fighting
  1593 | D:3      | Found a sparkling altar of Nemelex Xobeh.
  1912 | D:3      | Found a glowing drain.
  2645 | D:4      | Noticed a phantom
  2662 | D:4      | Killed a phantom
  2662 | D:4      | Reached skill level 6 in Axes
  2662 | D:4      | Reached XP level 6. HP: 54/56 MP: 5/5
  3113 | D:4      | Reached skill level 1 in Short Blades
  3179 | D:5      | Entered Level 5 of the Dungeon
  3218 | D:5      | Reached XP level 7. HP: 41/61 MP: 6/6
  3528 | D:5      | Found a white marble altar of Elyvilon.
  3615 | D:5      | Reached skill level 5 in Armour
  3918 | D:6      | Found an iron altar of Okawaru.
  4001 | D:6      | Found a glowing golden altar of the Shining One.
  4006 | D:6      | Found a basalt altar of Yredelemnul.
  4068 | D:6      | Reached **** piety under Trog
  4099 | D:6      | Found a staircase to the Ecumenical Temple.
  4106 | D:6      | Noticed Edmund
  4123 | D:6      | Killed Edmund
  4123 | D:6      | Reached skill level 7 in Axes
  4332 | D:6      | Reached XP level 8. HP: 70/70 MP: 7/7
  4631 | D:6      | Noticed an angel
  4651 | D:6      | Noticed a profane servitor
  4745 | D:7      | Mangled by a hornet zombie

Skill      XL: |  1  2  3  4  5  6  7  8 |
---------------+-------------------------+-----
Fighting       | 4 5 6 |  6.4
Axes           | 4 5 6 7 |  7.0
Armour         | 3 4 6 |  6.4
Dodging        | 3 4 |  4.1
Short Blades   | 1 2 3 |  3.2
Stealth        | |  0.6

Action                   |  1- 3 |  4- 6 |  7- 9 || total
-------------------------+-------+-------+-------++-------
Melee: Hand axe          |    62 |    93 |       ||   155
       Headbutt          |     8 |    28 |    22 ||    58
       Short sword       |       |    44 |    78 ||   122
Invok: Burn Spellbooks   |       |     1 |       ||     1
       Berserk           |       |       |     1 ||     1
  Use: Scroll            |     3 |     6 |     2 ||    11
       Potion            |     2 |       |       ||     2
  Eat: Chunk             |       |     7 |     4 ||    11
       Bread ration      |       |     1 |       ||     1
Armor: Animal skin       |     3 |       |       ||     3
       Leather armour    |     9 |     2 |       ||    11
       Scale mail        |       |    62 |    52 ||   114
Dodge: Dodged            |    36 |    94 |    72 ||   202
